AoeStats
← AMANSIZ TAYYAR

Enclosed

504501307Analyzed
1v1 RM · 27d ago on Sep 5, 2026· 62m 24s· 2 players
Game mode
Random Map
Map size
Tiny (2 player)
Population
200
Speed
Normal
Resources
Standard
Victory
Conquest
Starting age
Dark Age
Ending age
Imperial Age
RankedLock teamsTeams togetherTeam positionsShared explorationLock speedFull tech treeHidden civsTurbo modeCheats
Victory
Defeat
🇩🇪 Khmer · Germany
983
+16
🇹🇷 Franks · Türkiye
979
-16
AMANSIZ TAYYAR
8:49 Loom
10:43 Feudal Age
11:29 Double-Bit Axe
20:51 Castle Age
19:29 Scale Barding Armor
20:18 Arson
20:34 Gold Mining
21:15 Forging
21:06 Scale Mail Armor
20:59 Pikeman
25:39 Husbandry
26:31 Bow Saw
28:21 Gold Shaft Mining
28:19 Squires
29:51 Iron Casting
30:12 Chain Barding Armor
34:36 Wheelbarrow
34:23 Chain Mail Armor
37:52 Stone Mining
43:13 Imperial Age
41:49 Hand Cart
41:20 Town Watch
43:15 Cavalier
43:20 Halberdier
44:38 Plate Barding Armor
45:04 Blast Furnace
44:35 Plate Mail Armor
48:06 Chemistry
47:29 Paladin
47:39 Paladin
Lachsnacken
4:56 Loom
10:54 Feudal Age
14:58 Castle Age
14:25 Double-Bit Axe
17:36 Scale Barding Armor
27:27 Horse Collar
27:42 Fletching
27:54 Scale Mail Armor
36:21 Imperial Age
34:27 Wheelbarrow
33:37 Town Watch
34:42 Heavy Plow
35:08 Bow Saw
36:56 Chain Barding Armor
36:47 Forging
36:32 Bodkin Arrow
36:39 Padded Archer Armor
36:55 Chain Mail Armor
37:12 Ballistics
37:20 Cavalier
38:01 Husbandry
38:11 Bloodlines
40:02 Hand Cart
39:48 Town Patrol
39:19 Pikeman
39:48 Arson
39:55 Halberdier
40:01 Heavy Scorpion
41:50 Chemistry
41:24 Siege Engineers
41:31 Fortified Wall
41:32 Masonry
41:26 Bracer
42:01 Iron Casting
42:02 Plate Barding Armor
41:43 Leather Archer Armor
42:51 Double Crossbow
46:09 Blast Furnace
47:52 Light Cavalry
49:31 Hussar
56:38 Conscription
Connection lost

Rejoining the realm…

Still unreachable

The connection could not be restored.

Session expired

The server has moved on; the page needs a fresh start.